 Dungeon Crawl Stone Soup version 0.31-a0-66-ge618eeaa78 (webtiles) character file.

Game seed: 16488877632523719428

207 loir the Sneak (level 6, -1/37 HPs)
             Began as a Kobold Brigand on May 22, 2023.
             Slain by an orc priest
             ... wielding a +0 hand axe
              (5 damage)
             ... on level 5 of the Dungeon.
             The game lasted 00:10:21 (1853 turns).

loir the Sneak (Kobold Brigand)                     Turns: 1853, Time: 00:10:21

Health: -1/37      AC:  4    Str:  9    XL:     6   Next: 11%
Magic:  6/6        EV: 15    Int: 12    God:
Gold:   130        SH:  0    Dex: 18    Spells: 5/5 levels left

rFire   . . .        a - +3 dagger
rCold   . . .        (no shield)
rNeg    . . .        b - +0 robe
rPois   .            (no helmet)
rElec   .            f - +1 cloak
rCorr   .            (no gloves)
SInv    .            (no boots)
Will    .....        (no amulet)
Stlth   ++++         (no ring)
HPRegen 0.26/turn    (no ring)
MPRegen 0.10/turn

%: no passive effects
@: no status effects
A: small, no large weapons, nightstalker 3
a: no special abilities


You were on level 5 of the Dungeon.
You visited 1 branch of the dungeon, and saw 4 of its levels.

You collected 130 gold pieces.

Inventory:

Hand Weapons
 a - a +3 dagger (weapon)
Missiles
 d - 18 poisoned darts
 e - 3 curare-tipped darts
 m - 20 stones (quivered)
Armour
 b - a +0 robe (worn)
 c - a +0 cloak
 f - a +1 cloak (worn)
Magical Staves
 k - a staff of cold
Wands
 p - a wand of flame (22)
Scrolls
 i - a scroll of enchant weapon
 l - a scroll of blinking {unknown}
 n - a scroll of summoning {unknown}
Potions
 g - a potion of heal wounds {unknown}
 h - 2 potions of lignification
 j - 2 potions of cancellation
 o - 2 potions of haste {unknown}
 q - a potion of ambrosia {unknown}
 r - a potion of degeneration {unknown}


   Skills:
 + Level 3.3 Fighting
 + Level 4.2 Short Blades
 + Level 3.4 Throwing
 + Level 3.0 Dodging
 + Level 6.4 Stealth


You had 5 spell levels left.
You didn't know any spells.
Your spell library contained the following spells:

 Spells                   Type           Power      Damage    Failure   Level
 Conjure Ball Lightning   Conj/Air       0%         3x3d6     100%        6
 Discord                  Hex            0%         N/A       100%        8
 Disjunction              Tloc           0%         N/A       100%        8


Dungeon Overview and Level Annotations

Branches:
Dungeon (5/15)
 Temple: D:4-7

Altars:

Shops:
D:2 [


Innate Abilities, Weirdness & Mutations

You are small and have problems with some larger weapons.
You are completely attuned to the shadows.


Message History

You closely miss the orc.
The orc is lightly wounded.
You hit the orc but do no damage.
The orc is lightly wounded.
The orc hits you but does no damage.
You closely miss the orc.
The orc is lightly wounded.
The orc closely misses you.
You hit the orc but do no damage. The orc completely misses you.
You hit the orc.
The orc is heavily wounded.
You barely miss the orc.
The orc is heavily wounded.
The orc hits you with a +0 dagger.
You hit the orc.
The orc is severely wounded.
The orc barely misses you.
You hit the orc.
The orc is almost dead.
The orc hits you but does no damage.
You hit the orc.
You kill the orc!
You hit the orc priest.
The orc priest is heavily wounded.
You completely miss the orc priest.
The orc priest is heavily wounded.
The orc priest calls down the wrath of Beogh upon you.
Pain shoots through your body!
* * * LOW HITPOINT WARNING * * *
You hit the orc priest.
The orc priest is severely wounded.
The orc priest hits you with a +0 hand axe.
* * * LOW HITPOINT WARNING * * *
You barely miss the orc priest.
The orc priest is severely wounded.
The orc priest closely misses you.
You hit the orc priest.
The orc priest is almost dead.
The orc priest hits you with a +0 hand axe.
You die...

.. .... #### ....
#... #... ...
#...##.# #.#
.......#### .###.#
..........#.# ......
..o....##.#.#
#####.#
#...##o##.#.#
#...... #...
#@##.#.# #.##...
#... #......#
#.#.### ####.###
#..## # #..# #..#
##.## #..## #
####.).#######.#.###
+...................
####...########.....
##.## #.##.<


You could see an orc priest.

Vanquished Creatures
  Blork the orc (D:5)
  2 iguanas (D:5)
  A gnoll (D:1)
  2 adders
  A worm (D:2)
  2 dart slugs
  3 orcs (D:5)
  3 ball pythons
  4 bats
  3 endoplasms (D:1)
  13 goblins
  7 hobgoblins
  A quokka (D:2)
  3 frilled lizards
  4 kobolds
  3 rats
53 creatures vanquished.

Notes
Turn   | Place    | Note
-------+----------+-------------------------------------------
     0 | D:1      | loir the Kobold Brigand began the quest for the Orb.
     0 | D:1      | Reached XP level 1. HP: 12/12 MP: 1/1
   120 | D:1      | Reached XP level 2. HP: 18/18 MP: 2/2
   288 | D:1      | Reached XP level 3. HP: 22/22 MP: 3/3
   690 | D:2      | Found Maosynum's Armour Shop.
   775 | D:2      | Reached XP level 4. HP: 27/27 MP: 4/4
  1508 | D:3      | You fall into a shaft and drop 2 floors!
  1508 | D:5      | Entered Level 5 of the Dungeon
  1538 | D:5      | Reached skill level 6 in Stealth
  1538 | D:5      | Reached XP level 5. HP: 32/32 MP: 5/5
  1787 | D:5      | Noticed Blork the orc
  1791 | D:5      | Killed Blork the orc
  1792 | D:5      | Reached XP level 6. HP: 37/37 MP: 6/6
  1853 | D:5      | Slain by an orc priest

Illustrated notes

Levels and vault maps discovered:
D:1:      heliophobic_arrival_glass_houses, layout_basic, minmay_tiny_reverse_x
D:2:      kennysheep_the_goblin_king, layout_loops_cross, serial_shops, shop
D:3:      layout_rooms, serial_shops, nicolae_shop_gaudy_bauble, st_stairs_1,
          minivault_25, minmay_misc_feat_more_columns, saegor_snake_ambush,
          uniq_terence
D:5:      layout_loops_corners, mainiacjoe_overflow_big_doors,
          chequers_serial_rivers_micro_d, uniq_blork_the_orc

Skill      XL: |  1  2  3  4  5 |
---------------+----------------+-----
Short Blades   | 3 4 |  4.2
Dodging        | 2 3 |  3.0
Throwing       | 3 |  3.4
Fighting       | 3 |  3.3
Stealth        | 6 |  6.4

Action                     |  1- 3 |  4- 6 || total
---------------------------+-------+-------++-------
  Melee: Dagger            |    41 |    74 ||   115
    Use: Scroll            |     3 |     1 ||     4
   Stab: Sleeping          |    21 |    12 ||    33
         Distracted        |     1 |       ||     1
 Armour: Robe              |     1 |     7 ||     8
  Dodge: Dodged            |    12 |    30 ||    42

Table legend: (Time is in decaauts)
 A = Elapsed time spent in this place.
 B = Non-inter-level travel time spent in this place.
 C = Inter-level travel time spent in this place.
 D = Time resting spent in this place.
 E = Time spent auto-exploring this place.
 F = Levels seen in this place.
 G = Mean time per level.
                   A        B        C        D        E       F      G
               +--------+--------+--------+--------+--------+-----+--------+
         Total |   1832 |   1753 |     79 |      0 |   1421 |   4 |  458.0 |
       Dungeon |   1832 |   1753 |     79 |      0 |   1421 |   4 |  458.0 |
               +--------+--------+--------+--------+--------+-----+--------+

Top non-repeatable levels by time:
     D:2: 804 daAuts
     D:1: 648 daAuts
     D:5: 336 daAuts
     D:3: 43 daAuts
